 Dungeon Crawl Stone Soup version 0.17-a0-1582-ge6b0260 (webtiles) character file.

12904 MikeDS the Slicer (level 12, -8/80 HPs)
             Began as a Halfling Berserker on July 26, 2015.
             Was a High Priest of Trog.
             Mangled by a centaur warrior (15 damage)
             ... on level 2 of the Lair of Beasts on July 27, 2015.
             The game lasted 04:47:10 (17445 turns).

MikeDS the Slicer (Halfling Berserker)             Turns: 17445, Time: 04:47:11

Health: -8/80      AC: 15    Str: 19    XL:     12   Next: 26%
Magic:  11/12      EV: 21    Int:  6    God:    Trog [*****.]
Gold:   480        SH: 12    Dex: 17    Spells: 0 memorised, 11 levels left

rFire  + . .     SeeInvis .     a - +9 dagger "Arcanum" {flame, rC+}
rCold  + + .     Clarity  .     t - +2 robe {rC+}
rNeg   . . .     SustAt   .     j - +0 shield
rPois  .         Gourm    .     (no helmet)
rElec  .         Spirit   .     s - +0 cloak
rCorr  .         Warding  .     C - +1 pair of gloves
rMut   .         Stasis   .     r - +2 pair of boots
MR     +....                    (no amulet)
Stlth  ++++......               m - ring of flight
                                E - ring of protection from fire

@: exhausted, flying, slowed, very slow, somewhat resistant to hostile
enchantments, stealthy
A: iridescent scales 1, magic resistance 1, mutation resistance 1
a: Burn Spellbooks, Berserk, Trog's Hand, Brothers in Arms, Renounce Religion,
Stop Flying


You were on level 2 of the Lair of Beasts.
You worshipped Trog.
Trog was extremely pleased with you.
You were not hungry.

You visited 3 branches of the dungeon, and saw 15 of its levels.
You also visited: Ice Cave and Volcano.

You collected 528 gold pieces.
You spent 48 gold pieces at shops.

Inventory:

Hand weapons
 a - the +9 dagger "Arcanum" (weapon) {flame, rC+}
   (You found it on level 8 of the Dungeon)

   It has been specially enchanted to burn those struck by it, causing extra
   injury to most foes and up to half again as much damage against particularly
   susceptible opponents.
   It protects you from cold.
 b - a +0 greatsling
 u - a +0 antimagic war axe
Missiles
 d - 56 sling bullets
 y - 14 sling bullets of flame (quivered)
 N - 15 exploding sling bullets
Armour
 j - a +0 shield (worn)
 k - a +0 scale mail
 r - a +2 pair of boots (worn)
 s - a +0 cloak (worn)
 t - a +2 robe of cold resistance (worn)
 C - a +1 pair of gloves (worn)
Rods
 L - a +0 rod of the swarm (11/11)
   (You found it on level 10 of the Dungeon)
Jewellery
 i - an uncursed amulet of resist mutation
 m - a ring of flight (right hand)
 A - an uncursed ring of fire
 E - a ring of protection from fire (left hand)
 H - an uncursed ring of ice
 K - an uncursed ring of ice
 O - a +3 ring of slaying
 Q - an uncursed ring of stealth {unknown}
Magical devices
 n - a wand of enslavement (1)
 G - a wand of confusion (25)
 P - a wand of random effects (25)
Scrolls
 e - 10 scrolls of recharging
 x - a scroll of remove curse
 D - 2 scrolls of fog {unknown}
 F - a scroll of identify
 I - a scroll of amnesia {unknown}
Potions
 f - 2 potions of magic
 h - a potion of mutation {unknown}
 l - a potion of cancellation
 q - a potion of curing
 v - 2 potions of resistance {unknown}
 w - a potion of haste {unknown}
 z - 2 potions of lignification {unknown}
Comestibles
 c - 2 royal jellies
 g - 3 meat rations
 o - 4 slices of pizza
 p - 6 fruits
 J - 4 bread rations
 M - a beef jerky


   Skills:
 + Level 6.8 Fighting
 + Level 11.0(11.3) Short Blades
   Level 3.2(6.3) Long Blades
 - Level 1.7 Axes
 + Level 4.0(4.2) Slings
 - Level 1.3(2.7) Throwing
 + Level 7.2 Armour
 + Level 10.3 Dodging
 + Level 6.3 Stealth
 + Level 9.0 Shields
 - Level 0.6 Evocations


You had 11 spell levels left.
You didn't know any spells.

Dungeon Overview and Level Annotations

Branches:
Dungeon (12/15)            Temple (1/1) D:7            Lair (2/8) D:10
    Orc: D:9-12

Altars:
Ashenzari
Cheibriados
Dithmenos
Elyvilon
Fedhas
Gozag
Kikubaaqudgha
Makhleb
Nemelex Xobeh
Okawaru
Qazlal
Ru
Sif Muna
Trog
Vehumet
Xom
Yredelemnul
Zin
The Shining One

Shops:
D:10 *

Annotations:
D:9 exclusion: oklob plant
D:11 Maud


Innate Abilities, Weirdness & Mutations

You are small and have problems with some larger weapons.
You are somewhat resistant to further mutation.
You are partially covered in iridescent scales (AC +4).
You are resistant to hostile enchantments.


Message History

Why would you want to do that?
Use which ability? (? or * to list)
You fail to use your ability.
The centaur warrior barely misses you. The centaur warrior closely misses you.
The komodo dragon closely misses you.
The centaur warrior hits you but does no damage.
Use which ability? (? or * to list)
You fail to use your ability.
Your skin stops crawling.
You feel less resistant to hostile enchantments.
You block the centaur warrior's attack.
The komodo dragon completely misses you.
The centaur warrior hits you but does no damage.
The komodo dragon bites you!
* * * LOW HITPOINT WARNING * * *
Use which ability? (? or * to list)
You feel very buoyant.
You fly up into the air.
You feel somewhat more hungry.
The centaur warrior hits you but does no damage.
The centaur warrior hits you!
You die...

,,,** **,,,*******,,* ,,,****
*,,,** ***,** ...,,,* **,,**
*,,,,** ....,*###*###.,**
**,,,,* ....,*#P.##...** **,,**
.....###.....#* *## *****,,*
....#..<..P..#####≈####.,,,,,*
...............l#§§.....,,,,,***
....#.P.........@§≈.....,,**,,,*
..#,.#.........c#≈§###..,***,***
..#*.........####### **,** ***
.##*#.......### ***
##*P..........##### #
##...........#..## #
#...........###..# #
*#.[.........##..##
####...........###..#


You could see a centaur warrior and a komodo dragon.

Vanquished Creatures
  The ghost of cmdexe the Protected, a powerful HuFi of Trog (D:10)
  An ugly thing (D:10)
  4 spiny frogs
  A gargoyle (D:10)
  Prince Ribbit (D:7)
  21 yaks
  A spriggan (D:9)
  Eustachio (D:4)
  A mottled dragon (D:10)
  2 wyverns
  2 hippogriffs (D:7)
  Menkaure (D:7)
  A porcupine (Lair:1)
  2 black bears
  4 orc warriors
  4 phantoms
  14 ice beasts
  2 sky beasts
  An ogre (D:5)
  2 centaurs
  5 crocodiles
  A big kobold (D:8)
  4 giant frogs
  5 scorpions
  A water moccasin skeleton (D:6)
  4 wights
  A wasp zombie (D:9)
  5 crimson imps
  3 hounds
  Crazy Yiuf (D:7)
  2 centaur skeletons
  A jelly (D:7)
  8 orc wizards
  14 iguanas
  An orc priest (D:4)
  6 sheep (Lair:1)
  13 worker ants
  2 hound skeletons
  3 worker ant zombies
  3 gnolls (D:4)
  12 adders
  9 river rats (Lair:1)
  3 shadow imps
  2 oozes
  4 worms
  3 adder skeletons
  10 giant geckos
  26 orcs
  4 bat skeletons
  3 giant cockroaches
  13 goblins
  17 hobgoblins
  3 jackals (D:11)
  20 kobolds
  4 quokkas
  4 ball pythons
  15 bats
  4 giant newts
  2 gnoll zombies (D:9)
  A jackal zombie (D:5)
  A quokka skeleton (D:9)
  A quokka zombie (D:6)
  21 rats
  2 fungi (D:7)
334 creatures vanquished.

Vanquished Creatures (others)
  A yak (D:9)
  A centaur (Volcano)
  A giant frog zombie (D:9)
  An orc (D:4)
  2 fungi
6 creatures vanquished.

Grand Total: 340 creatures vanquished

Notes
Turn   | Place    | Note
--------------------------------------------------------------
     0 | D:1      | MikeDS the Halfling Berserker began the quest for the Orb.
     0 | D:1      | Reached XP level 1. HP: 15/15 MP: 1/1
   229 | D:1      | Reached XP level 2. HP: 17/20 MP: 2/2
   365 | D:1      | Reached skill level 1 in Throwing
   576 | D:1      | Reached XP level 3. HP: 20/25 MP: 3/3
   606 | D:1      | Reached skill level 1 in Stealth
  1065 | D:1      | Gained mutation: You are partially covered in iridescent scales (AC +4). [potion of beneficial mutation]
  1233 | D:2      | Found a glowing silver altar of Zin.
  1620 | D:2      | Acquired Trog's second power
  1620 | D:2      | Reached XP level 4. HP: 28/30 MP: 4/4
  1715 | D:2      | Reached skill level 1 in Short Blades
  1978 | D:2      | Gained mutation: You are resistant to hostile enchantments. [potion of beneficial mutation]
  2761 | D:3      | Reached skill level 1 in Shields
  2761 | D:3      | Reached XP level 5. HP: 36/36 MP: 5/5
  3306 | D:4      | You fall through a shaft for 3 floors!
  3311 | D:7      | Found an iron altar of Okawaru.
  3328 | D:7      | Noticed a sky beast
  3328 | D:7      | Noticed a centaur
  3356 | D:6      | Found a stormy altar of Qazlal.
  3459 | D:5      | Entered Level 5 of the Dungeon
  3517 | D:5      | Noticed a phantom
  3566 | D:5      | Noticed an ice beast
  3616 | D:5      | Reached XP level 6. HP: 42/42 MP: 6/6
  3898 | D:4      | Noticed Eustachio
  4388 | D:4      | Noticed a phantom
  4690 | D:4      | Reached skill level 1 in Slings
  4788 | D:5      | Reached skill level 4 in Dodging
  4788 | D:5      | Reached XP level 7. HP: 40/47 MP: 7/7
  4861 | D:5      | Killed an ice beast
  5710 | D:7      | Noticed a hippogriff
  5786 | D:6      | Reached XP level 8. HP: 39/54 MP: 8/8
  5913 | D:6      | Reached skill level 5 in Dodging
  6002 | D:6      | Reached skill level 5 in Short Blades
  6424 | D:6      | Killed a sky beast
  6424 | D:6      | Reached skill level 1 in Axes
  6607 | D:7      | Killed a hippogriff
  6728 | D:7      | Killed a centaur
  6728 | D:7      | Reached skill level 6 in Short Blades
  6859 | D:7      | Noticed Menkaure
  7239 | D:5      | Killed a phantom
  7239 | D:5      | Reached XP level 9. HP: 52/59 MP: 9/9
  7433 | D:5      | Found a burning altar of Makhleb.
  7435 | D:5      | Noticed an ogre
  7444 | D:5      | Killed an ogre
  7444 | D:5      | Reached skill level 7 in Short Blades
  7866 | D:4      | Killed a phantom
  8370 | D:4      | Killed Eustachio
  8530 | D:7      | Noticed Prince Ribbit
  8579 | D:7      | Killed Menkaure
  8579 | D:7      | Reached skill level 5 in Shields
  8642 | D:7      | Killed Prince Ribbit
  9015 | D:7      | Reached skill level 8 in Short Blades
  9206 | D:7      | Acquired Trog's third power
  9284 | D:7      | Found a staircase to the Ecumenical Temple.
  9342 | D:7      | Noticed Crazy Yiuf
  9369 | D:7      | Killed Crazy Yiuf
  9557 | Temple   | Entered the Ecumenical Temple
  9622 | D:8      | Found a sacrificial altar of Ru.
  9777 | D:8      | Noticed a hill giant
  9845 | D:7      | Received a gift from Trog
  9880 | D:7      | Reached XP level 10. HP: 63/65 MP: 10/10
  9995 | D:8      | Got a translucent dagger
 10376 | D:8      | Reached skill level 5 in Fighting
 10530 | D:9      | Reached skill level 5 in Armour
 11063 | D:10     | Entered Level 10 of the Dungeon
 11086 | D:9      | Found a blossoming altar of Fedhas.
 11106 | D:9      | Noticed an oklob plant
 11244 | D:9      | Reached skill level 5 in Stealth
 11516 | D:9      | Found a basalt altar of Yredelemnul.
 11621 | D:9      | Reached skill level 9 in Short Blades
 12373 | D:10     | Noticed cmdexe's ghost (powerful HuFi)
 12740 | D:11     | Noticed a green ugly thing
 12805 | D:10     | Killed a green ugly thing
 12805 | D:10     | Reached XP level 11. HP: 16/72 MP: 11/11
 13061 | D:10     | Upgraded the game from 0.17-a0-1575-g9a29ec8 to 0.17-a0-1582-ge6b0260
 14275 | D:11     | Noticed a manticore
 14622 | D:11     | Noticed Maud
 14807 | D:10     | Reached skill level 10 in Short Blades
 15009 | D:10     | Found Fiax's General Store.
 15013 | D:10     | Bought a scroll of remove curse for 48 gold pieces
 15014 | D:10     | Identified the +9 dagger "Arcanum" {flame, rC+} (You found it on level 8 of the Dungeon)
 15396 | D:11     | Noticed a cyclops
 15903 | D:10     | Killed cmdexe's ghost
 16082 | D:10     | Found a staircase to the Lair.
 16093 | Lair:1   | Entered Level 1 of the Lair of Beasts
 16156 | Lair:1   | Found a frozen archway.
 16165 | IceCv    | Entered an ice cave
 16197 | IceCv    | Received a gift from Trog
 16260 | IceCv    | Noticed an ice statue
 16260 | IceCv    | Noticed an ice statue
 16726 | Lair:1   | Reached XP level 12. HP: 55/80 MP: 12/12
 17072 | Lair:2   | Reached skill level 10 in Dodging
 17367 | Lair:2   | Found a dark tunnel.
 17374 | Volcano  | Entered a volcano
 17396 | Volcano  | Found a bloodstained altar of Trog.
 17401 | Volcano  | Noticed a centaur warrior
 17431 | Volcano  | Reached skill level 11 in Short Blades
 17445 | Lair:2   | Mangled by a centaur warrior

Vault maps used:
D:1:      kilobyte_arrival_exit_the_forest, minivault_25, serial_park_tiny_pond
D:2:      zin_academy
D:4:      first_bread, minmay_misc_feat_roman, uniq_eustachio
D:5:      lightli_temple_of_fire, minmay_misc_feat_columns
D:6:      overflow_temple_1_default
D:7:      okawaru_ov_weapons_minmay, minmay_temple_entry_statues,
          uniq_prince_ribbit1, uniq_crazy_yiuf_cottage, uniq_menkaure
D:8:      kennysheep_mini_moat
D:9:      tgw_fedhas, lemuel_zombie_altar_yredelemnul, grunt_pizzeria
D:10:     erik_lair_dragon, serial_shops, kennysheep_mini
D:11:     david_orc_4, basic_altar, uniq_maud
Temple:   nicolae_temple_no_exploring_needed
Lair:1:   portal_ice_cave_entry_pillars_01, basic_altar,
          infiniplex_staircase_pool_2
Lair:2:   nicolae_volcano_entry_two_sided
IceCv:    ice_cave_small_dragons
Volcano:  kennysheep_volcano_temple

Action                   |  1- 3 |  4- 6 |  7- 9 | 10-12 || total
-------------------------+-------+-------+-------+-------++-------
Melee: Falchion          |    86 |       |       |       ||    86
       Dagger            |    71 |   227 |    92 |   297 ||   687
       Short sword       |       |   173 |   849 |   768 ||  1790
       War axe           |       |       |    17 |    14 ||    31
 Fire: Hunting sling     |       |    13 |     7 |    29 ||    49
       Greatsling        |       |       |       |     8 ||     8
Invok: Berserk           |     3 |     2 |     7 |    10 ||    22
       Trog's Hand       |       |     3 |    10 |     4 ||    17
       Burn Spellbooks   |       |       |     1 |     2 ||     3
 Abil: Evoke Flight      |       |       |       |     1 ||     1
Evoke: Wand              |       |     3 |     1 |     9 ||    13
  Use: Scroll            |     4 |     9 |     7 |     6 ||    26
       Potion            |     2 |     4 |     4 |       ||    10
 Stab: Sleeping          |     5 |     1 |       |     2 ||     8
       Distracted        |       |       |       |     3 ||     3
  Eat: Chunk             |     1 |     5 |    15 |    17 ||    38
       Bread ration      |     1 |     1 |     3 |     1 ||     6
       Meat ration       |       |     1 |       |     1 ||     2
       Pizza             |       |       |       |     6 ||     6
       Beef jerky        |       |       |       |     1 ||     1
